AoeStats
← eyupfc

African Clearing

506931395Analyzed
4v4 RM · 17d ago on Sep 15, 2026· 34m 56s· 8 players
Game mode
Random Map
Map size
Large (8 player)
Population
200
Speed
Normal
Resources
Standard
Victory
Conquest
Starting age
Dark Age
Ending age
Imperial Age
RankedLock teamsTeams togetherTeam positionsShared explorationLock speedFull tech treeHidden civsTurbo modeCheats
Victory
Defeat
🇫🇷 Franks · France
1277
+12
🇯🇴 Spanish · Jordan
1248
+14
🇩🇪 Saracens · Germany
1233
+14
🇲🇽 Huns · Mexico
1225
+15
🇹🇷 Aztecs · Türkiye
1225
-15
🇹🇷 Maya · Türkiye
1198
-14
🇹🇷 Huns · Türkiye
1197
-14
🇮🇱 Turks · Israel
1162
-12
Cochiloco2000
3:01 Loom
13:00 Feudal Age
17:56 Bloodlines
18:09 Man-at-Arms
32:07 Scale Barding Armor
32:30 Forging
32:43 Fletching
nikias.marquardt
10:30 Loom
13:00 Feudal Age
14:50 Scale Barding Armor
15:31 Forging
21:54 Castle Age
20:10 Double-Bit Axe
Sir_FatLion
5:22 Loom
14:36 Feudal Age
19:02 Castle Age
18:50 Double-Bit Axe
18:47 Horse Collar
26:45 Padded Archer Armor
29:01 Leather Archer Armor
29:20 Bloodlines
33:33 Gold Mining
33:33 Stone Mining
差不多先生
6:07 Loom
14:01 Feudal Age
18:59 Castle Age
18:42 Scale Barding Armor
22:46 Husbandry
30:17 Chain Barding Armor
31:21 Forging
33:48 Iron Casting
34:06 Wheelbarrow
34:40 Herbal Medicine
eyupfc
4:59 Loom
13:20 Feudal Age
14:15 Double-Bit Axe
21:38 Scale Barding Armor
24:54 Castle Age
25:19 Bloodlines
25:52 Forging
27:00 Husbandry
32:35 Fletching
isik.cemil
13:00 Feudal Age
11:18 Loom
17:14 Castle Age
15:41 Double-Bit Axe
25:37 Padded Archer Armor
34:41 Fletching
Mike
5:53 Loom
14:45 Feudal Age
19:17 Castle Age
17:44 Double-Bit Axe
17:40 Horse Collar
KingMoonborn
4:17 Loom
15:46 Feudal Age
20:33 Castle Age
21:01 Double-Bit Axe
21:07 Pikeman
28:22 Fletching
30:37 Forging
34:34 Bow Saw
Connection lost

Rejoining the realm…

Still unreachable

The connection could not be restored.

Session expired

The server has moved on; the page needs a fresh start.